 Dungeon Crawl Stone Soup version 0.30.1-11-g7821555f0a (webtiles) character file.

Game seed: 9888916372456337715

15 Scypho the Changer (level 2, -3/21 HPs)
             Began as a Merfolk Transmuter on Dec 25, 2023.
             Succumbed to a goblin's poison
             ... on level 1 of the Dungeon.
             The game lasted 00:02:16 (435 turns).

Scypho the Changer (Merfolk Transmuter)              Turns: 435, Time: 00:02:17

Health: -3/21      AC:  2    Str: 10    XL:     2   Next: 50%
Magic:  5/5        EV: 12    Int: 12    God:
Gold:   3          SH:  0    Dex: 14    Spells: 4/5 levels left

rFire   . .          .
                       - Unarmed
rCold   . . .        (no shield)
rNeg    . . .        a - +0 robe
rPois   .            (helmet currently unavailable)
rElec   .            (no cloak)
rCorr   .            (no gloves)
SInv    .            (boots currently unavailable)
Will    .....        (no amulet)
Stlth   +            (no ring)
HPRegen 0.23/turn    (no ring)
MPRegen 0.09/turn

%: no passive effects
@: lethally poisoned (-3 -> -18), appendages (expiring), attractive, invisible
A: horns 2, (nimble swimmer 2), mertail
a: End Transformation


You were on level 1 of the Dungeon.
You had temporarily grown beastly horns.
You visited 1 branch of the dungeon, and saw 1 of its levels.

You collected 3 gold pieces.

Inventory:

Armour
 a - a +0 robe (worn)
Scrolls
 e - a scroll of enchant armour {unknown}
 f - a scroll of teleportation {unknown}
 g - a scroll of magic mapping {unknown}
 h - a scroll of poison {unknown}
Potions
 b - 2 potions of lignification
 c - a potion of attraction
 i - a potion of curing {unknown}


   Skills:
 - Level 1.1 Fighting
 - Level 2.6 Dodging
 - Level 3.2 Unarmed Combat
 + Level 2.3 Spellcasting
 * Level 3.7 Transmutations


You had 4 spell levels left.
You knew the following spells:

 Your Spells              Type           Power      Damage    Failure   Level
a - Beastly Appendage     Tmut           20%        N/A       6%          1

Your spell library contained the following spells:

 Spells                   Type           Power      Damage    Failure   Level
 Wereblood                Tmut           10%        N/A       9%          2
 Spider Form              Tmut/Pois      5%         N/A       36%         3
 Ice Form                 Ice/Tmut       5%         N/A       77%         4


Dungeon Overview and Level Annotations

Branches:
Dungeon (1/15)

Altars:


Innate Abilities, Weirdness & Mutations

You have temporarily grown beastly horns.
((You are very nimble when in or above water. (Stealth+, EV+, Speed+++)))
Your lower body shifts to a powerful aquatic tail in water.


Message History

Found a stone staircase leading down.
A goblin comes into view. It is wielding a +0 club.
The goblin shouts!
You hear a shout!
You grow a pair of large bovine horns.
You barely miss the goblin. Your headbutt misses the goblin.
The goblin barely misses you.
You hit the goblin. You headbutt the goblin.
You kill the goblin!
Things that are here:
a +0 club; a goblin corpse You miss the goblin.
Your headbutt misses the goblin. You closely miss the goblin.
Your headbutt misses the goblin. The goblin closely misses you.
You closely miss the goblin. Your headbutt misses the goblin.
The goblin hits you with a +2 dagger of venom.
You barely miss the goblin.
The goblin hits you with a +2 dagger of venom.
You are poisoned.
You barely miss the goblin.
You feel very sick.
The goblin hits you with a +2 dagger of venom.
You are lethally poisoned!
You barely miss the goblin. Your headbutt misses the goblin.
* * * LOW HITPOINT WARNING * * *
You feel very sick. The goblin hits you but does no damage.
You are more poisoned.
You hit the goblin.
You kill the goblin!
* * * LOW HITPOINT WARNING * * *
You feel very sick.
There is a lethal amount of poison in your body!
It was a potion of attraction.
You feel attractive to monsters.
Your transformation is almost over.
* * * LOW HITPOINT WARNING * * *
You feel very sick.
It was a potion of invisibility.
You fade into invisibility!
You die...

#.##############.#
###................#
..............####.#
#.........#.####.#
#................#
#.###.###.#.###### #.
#.....#.#
###########.#.#.###.#.#.#.#
...............)@)....>.#.#
..#########.#.#?.##.#...#.#
...# #.....#...#.# ...##
#.....#...#.# ....###
..[.......#.# ..#...#
...........#.# ..###.#
#...........#.# ..# #.##
#######..#..#.# ### #..#
g...........#.#


There were no monsters in sight!

Vanquished Creatures
  A dart slug (D:1)
  An endoplasm (D:1)
  3 goblins (D:1)
  A hobgoblin (D:1)
  2 jackals (D:1)
  A bat (D:1)
  A frilled lizard (D:1)
  2 kobolds (D:1)
  A rat (D:1)
13 creatures vanquished.

Notes
Turn   | Place    | Note
-------+----------+-------------------------------------------
     0 | D:1      | Scypho the Merfolk Transmuter began the quest for the Orb.
     0 | D:1      | Reached XP level 1. HP: 15/15 MP: 3/3
   113 | D:1      | Reached XP level 2. HP: 14/21 MP: 3/5
   434 | D:1      | HP: 1/21 [poisoned by a goblin]
   435 | D:1      | Succumbed to a goblin's poison

Illustrated notes

Levels and vault maps discovered:
D:1:      minmay_arrival_glassed_features, layout_basic

Skill      XL: |  1 |
---------------+----+-----
Transmutations | 3 |  3.7
Fighting       | |  1.1
Dodging        | |  2.6
Unarmed Combat | |  3.2
Spellcasting   | |  2.3

Action                     || total
---------------------------++-------
  Melee: Unarmed           ||    40
         Headbutt          ||     4
         Punch             ||     1
   Cast: Beastly Appendage ||     8
    Use: Potion            ||     2
 Armour: Robe              ||     4
  Dodge: Dodged            ||    16
